 Dungeon Crawl Stone Soup version 0.26-a0-696-gf6cc0c2 (webtiles) character file.

Game seed: 15366971634762999242

17420 Mopster the Martial Artist (level 12, -1/83 HPs)
             Began as an Octopode Berserker on Oct 25, 2020.
             Was an Elder of Trog.
             Slain by an eight-headed hydra (17 damage)
             ... on level 13 of the Dungeon.
             The game lasted 01:26:09 (17220 turns).

Mopster the Martial Artist (Octopode Berserker)    Turns: 17220, Time: 01:26:12

Health: -1/83      AC:  2    Str: 16    XL:     12   Next: 47%
Magic:  12/12      EV: 21    Int:  9    God:    Trog [****..]
Gold:   673        SH: 10    Dex: 23    Spells: 11/11 levels left

rFire    + + .     SeeInvis .     - Unarmed
rCold    . . .     Faith    .   s - +3 buckler {reflect}
rNeg     . . .     Spirit   .   A - +1 hat
rPois    .         Reflect  +   (no amulet)
rElec    .         Harm     .   a - ring of protection from fire
rCorr    .         Rampage  .   i - ring of protection from fire
MR       +....                  g - ring of protection from magic
Stlth    +++++++...             D - +6 ring of dexterity
HPRegen  0.23/turn              (no ring)
MPRegen  0.13/turn              (no ring)
                                (no ring)
                                (no ring)

@: berserk cooldown
A: almost no armour, stealthy swim, amphibious, 8 rings, constrict 8, camouflage
1, gelatinous body 1
a: Berserk, Trog's Hand, Brothers in Arms, Renounce Religion


You were on level 13 of the Dungeon.
You worshipped Trog.
Trog was greatly pleased with you.
You visited 1 branch of the dungeon, and saw 14 of its levels.
You visited the Abyss 1 time.
You also visited: Sewer.

You collected 751 gold pieces.
You spent 78 gold pieces at shops.

Inventory:

Armour
 s - a +3 buckler of reflection (worn)
 A - a +1 hat (worn)
Jewellery
 a - a ring of protection from fire (left tentacle)
 g - a ring of protection from magic (on tentacle)
 i - a ring of protection from fire (right tentacle)
 D - a +6 ring of dexterity (on tentacle)
Wands
 f - a wand of random effects (12)
 l - a wand of disintegration (9)
 o - a wand of iceblast (2)
 q - a wand of digging (4)
 r - a wand of polymorph (9)
 u - a wand of flame (15)
Scrolls
 k - 9 scrolls of remove curse
 t - 2 scrolls of magic mapping
 w - 2 scrolls of teleportation
 y - a scroll of immolation
 C - a scroll of enchant weapon
Potions
 b - a potion of heal wounds
 c - a potion of cancellation {unknown}
 d - 3 potions of flight
 h - a potion of resistance
 j - a potion of invisibility {unknown}
 m - 2 potions of mutation {unknown}
 n - 3 potions of ambrosia
 p - 2 potions of stabbing
 v - a potion of haste
 B - 2 potions of curing


   Skills:
 * Level 8.2 Fighting
 * Level 8.9 Dodging
 * Level 12.1 Stealth
 * Level 7.1 Shields
 + Level 12.5 Unarmed Combat


You had 11 spell levels left.
You didn't know any spells.
Your spell library was empty.

Dungeon Overview and Level Annotations

Branches:
Dungeon (14/15)            Temple (0/1) D:7            Lair (0/6) D:8
    Orc (0/2) D:9           Sewer (visited)
 Vaults: D:13-14

Altars:
Nemelex Xobeh
Ru

Shops:
D:6 *

Annotations:
D:9 1 runed translucent door, SteelSquire's ghost, novice TrMo
D:14 1 runed translucent door


Innate Abilities, Weirdness & Mutations

You cannot wear most types of armour.
You are very stealthy in the water. (Stealth+)
You are amphibious.
You can wear up to eight rings at the same time.
You can use your tentacles to constrict eight enemies at once.
Your skin changes colour to match your surroundings (Stealth+).
Your rubbery body absorbs attacks. (AC +1, EV +1)


Message History

You start resting.
You feel the effects of Trog's Hand fading.
You start resting.
Your skin stops crawling.
You feel less resistant to hostile enchantments.
You start resting.
You feel yourself speed up.
You climb upwards.
The killer bee completely misses you.
You block the eight-headed hydra's attack.
The eight-headed hydra bites you! x2; The eight-headed hydra bites you.
You block the eight-headed hydra's attack.
The eight-headed hydra barely misses you. x3
You block the killer bee's attack.
The eight-headed hydra completely misses you.
The eight-headed hydra bites you! The eight-headed hydra bites you.
The eight-headed hydra bites you!
* * * LOW HITPOINT WARNING * * *
The eight-headed hydra barely misses you.
The eight-headed hydra bites you!
You die...

#.##### ##.######
.)..)...# ....H
#####)#.# .... # #.#.#
...o # #.#.# .o# #
#.#.# ... #####.#.#
##########.# ........#
#...)D@.##.#
####.######.#..y#.##.#
#.#...)†.......##)####
#...####.#...........#
##### #.##.##.##.###.#
#.......#..#
#########..# #.#. #. #


You could see an eight-headed hydra and a killer bee.

Vanquished Creatures
  A hydra (D:12)
  Erica (D:10)
  2 two-headed ogres
  4 skeletal warriors (D:12)
  An orc knight (D:11)
  2 large abominations (Abyss:1)
  2 ugly things
  A cyclops (D:12)
  A deep elf mage (D:12)
  A centaur zombie (D:13)
  Maggie (D:7)
  A kobold demonologist (D:12)
  A komodo dragon (D:11)
  3 trolls
  4 starcursed masses (Abyss:1)
  A ynoxinul (Abyss:1)
  A wraith (D:12)
  2 wyverns
  A yak (D:12)
  Menkaure (D:7)
  Duvessa (D:4)
  3 water moccasins
  2 sky beasts
  2 black bears
  4 orc warriors
  A hornet zombie (D:8)
  An ice beast (D:12)
  A necrophage (D:6)
  6 ogres
  3 phantoms
  An eye of draining (D:12)
  3 centaurs
  2 big kobolds
  12 bullfrogs
  A gnoll sergeant (D:12)
  3 wyvern skeletons
  A wyvern zombie (D:8)
  6 scorpions
  Dowan (D:4)
  8 wights
  5 killer bees
  2 howler monkeys
  4 bullfrog zombies
  A quasit (D:13)
  4 bullfrog skeletons
  An iron imp (Abyss:1)
  5 hounds
  A centaur skeleton (D:11)
  6 orc priests
  4 jellies
  7 orc wizards
  2 iguanas
  8 worker ants
  A killer bee zombie (D:8)
  2 hound zombies
  A hound skeleton (D:6)
  3 howler monkey zombies
  4 worker ant zombies
  12 gnolls
  12 adders
  A shadow imp (D:7)
  A white imp (D:9)
  3 ufetubi
  An adder zombie (D:5)
  3 adder skeletons
  4 worms
  A dart slug (D:2)
  4 leopard geckos
  48 orcs
  7 giant cockroaches
  8 goblins
  5 hobgoblins
  12 jackals
  7 quokkas
  2 ball pythons
  6 bats
  7 frilled lizards
  A jackal skeleton (D:3)
  15 kobolds
  A quokka skeleton (D:7)
  A quokka zombie (D:7)
  11 rats
328 creatures vanquished.

Vanquished Creatures (collateral kills)
  A gargoyle (D:11)
  An ogre (D:11)
  A big kobold (D:10)
  3 bullfrogs (D:11)
  A gnoll sergeant (D:10)
  A worker ant (D:11)
  5 gnolls (D:10)
  2 orcs (D:10)
15 creatures vanquished.

Vanquished Creatures (others)
  28 fungi
  27 plants
55 creatures vanquished.

Grand Total: 398 creatures vanquished

Notes
Turn   | Place    | Note
-------+----------+-------------------------------------------
     0 | D:1      | Mopster the Octopode Berserker began the quest for the Orb.
     0 | D:1      | Reached XP level 1. HP: 16/16 MP: 1/1
    74 | D:1      | Reached XP level 2. HP: 8/21 MP: 2/2
   909 | D:1      | Reached XP level 3. HP: 26/26 MP: 3/3
  1308 | D:2      | Reached skill level 1 in Stealth
  1309 | D:2      | Noticed an ogre
  1315 | D:2      | Killed an ogre
  1315 | D:2      | Reached XP level 4. HP: 20/32 MP: 4/4
  1315 | D:2      | Reached XP level 5. HP: 22/36 MP: 5/5
  2367 | D:3      | Reached ** piety under Trog
  2809 | D:3      | Found a sacrificial altar of Ru.
  3249 | D:3      | Reached skill level 5 in Unarmed Combat
  3249 | D:3      | Reached XP level 6. HP: 20/43 MP: 6/6
  3583 | D:4      | Noticed Duvessa
  3632 | D:4      | Noticed Dowan
  3636 | D:4      | Killed Dowan
  3644 | D:4      | Killed Duvessa
  3644 | D:4      | Reached skill level 5 in Stealth
  3644 | D:4      | Reached XP level 7. HP: 39/47 MP: 7/7
  4058 | D:4      | Found a glowing drain.
  4068 | Sewer    | Entered a sewer
  4072 | Sewer    | Reached *** piety under Trog
  4275 | Sewer    | Found a white marble altar of Elyvilon.
  4570 | D:5      | Entered Level 5 of the Dungeon
  4597 | D:5      | Reached XP level 8. HP: 50/54 MP: 8/8
  4636 | D:5      | Found a sparkling altar of Nemelex Xobeh.
  5566 | D:6      | Found Tuejo's Assorted Antiques.
  5573 | D:6      | Bought a sapphire potion for 26 gold pieces
  5573 | D:6      | Bought a pink potion for 26 gold pieces
  5573 | D:6      | Bought a grey potion for 26 gold pieces
  5842 | D:6      | Reached skill level 1 in Shields
  7160 | D:7      | Reached skill level 5 in Dodging
  7160 | D:7      | Reached XP level 9. HP: 60/60 MP: 9/9
  7190 | D:7      | Reached **** piety under Trog
  7212 | D:7      | Noticed Menkaure
  7225 | D:7      | Killed Menkaure
  7225 | D:7      | Reached skill level 5 in Fighting
  7640 | D:7      | Found a staircase to the Ecumenical Temple.
  7872 | D:7      | Noticed Maggie
  7886 | D:7      | Killed Maggie
  9044 | D:8      | Found a staircase to the Lair.
  9165 | D:8      | Cast into level 1 of the Abyss (wight)
  9201 | Abyss:1  | Found a corrupted altar of Lugonu.
  9204 | Abyss:1  | Found a burning altar of Makhleb.
  9541 | Abyss:1  | Noticed a large abomination
  9552 | Abyss:1  | Killed a large abomination
  9552 | Abyss:1  | Reached XP level 10. HP: 68/68 MP: 10/10
  9563 | Abyss:1  | Noticed a starcursed mass
  9626 | Abyss:1  | Killed a starcursed mass
  9627 | Abyss:1  | Killed a starcursed mass
  9628 | Abyss:1  | Killed a starcursed mass
  9628 | Abyss:1  | Reached skill level 10 in Unarmed Combat
  9629 | Abyss:1  | Killed a starcursed mass
  9696 | D:8      | Escaped the Abyss
 10861 | D:9      | Found a runed translucent door.
 10863 | D:9      | Noticed SteelSquire's ghost (novice TrMo)
 10867 | D:9      | Identified the +4 trident of Etourr {protect, rN+ Dex+7}
 11528 | D:9      | Reached skill level 5 in Shields
 12396 | D:9      | Found a staircase to the Orcish Mines.
 12461 | D:9      | Reached skill level 10 in Stealth
 12533 | D:10     | Entered Level 10 of the Dungeon
 12539 | D:10     | Noticed a two-headed ogre
 12544 | D:9      | Reached XP level 11. HP: 72/74 MP: 11/11
 12780 | D:10     | Noticed Erica
 12790 | D:10     | Killed Erica
 12918 | D:10     | Killed a two-headed ogre
 14172 | D:11     | Noticed a two-headed ogre
 14184 | D:11     | Noticed an orc knight
 14387 | D:11     | Killed an orc knight
 14506 | D:11     | Killed a two-headed ogre
 14737 | D:11     | Noticed a green ugly thing
 14759 | D:11     | Killed a green ugly thing
 15076 | D:12     | Noticed a red ugly thing
 15088 | D:12     | Killed a red ugly thing
 15120 | D:12     | Noticed a skeletal warrior
 15120 | D:12     | Noticed a skeletal warrior
 15160 | D:12     | Killed a skeletal warrior
 15165 | D:12     | Noticed a skeletal warrior
 15167 | D:12     | Noticed a skeletal warrior
 15169 | D:12     | Killed a skeletal warrior
 15169 | D:12     | Reached XP level 12. HP: 82/82 MP: 12/12
 16475 | D:12     | Noticed an eight-headed hydra
 16864 | D:12     | Killed an eight-headed hydra
 17171 | D:13     | Noticed an eight-headed hydra
 17188 | D:14     | Found a runed translucent door.
 17220 | D:13     | Slain by an eight-headed hydra

Illustrated notes

Levels and vault maps discovered:
D:1:      kennysheep_arrival_forest, layout_basic
D:2:      minmay_inner_zag, layout_loops_corners
D:3:      layout_basic, overflow_temple_1_default, minmay_distorted
D:4:      layout_loops_ring, portal_sewer_entry_d, uniq_duvessa
D:5:      layout_loops_ring, st_stairs_11, nemelex_xobeh_ov_fountains_minmay
D:6:      layout_gridville, serial_shops, shop, wad_floor_pattern_2
D:7:      layout_basic, minmay_temple_entry_butterflies, grunt_decor_resistance,
          uniq_menkaure, uniq_maggie
D:8:      layout_gridville, due_lair_maze_entry_diamond
D:9:      layout_rooms, orc_0_dummy, ebering_ghost_funeral_grove,
          kennysheep_cluttered_room
D:10:     layout_small_grid, uniq_erica
D:11:     layout_cross
D:12:     layout_cave_pods, kennysheep_generic_room_15
D:13:     layout_loops_cross, cheibriados_altar_1
D:14:     layout_long_grid, hangedman_vaults_entry_quadrant_bands,
          nicolae_trove_entry_free_sample, ebering_ghost_inner_flame

Skill      XL: |  1  2  3  4  5  6  7  8  9 10 11 12 |
---------------+-------------------------------------+-----
Stealth        | 2 3 5 7 8 10 11 12 | 12.1
Unarmed Combat | 4 5 6 7 8 9 10 12 | 12.5
Dodging        | 4 5 6 7 8 |  8.9
Fighting       | 4 6 7 8 |  8.2
Shields        | 2 4 5 6 7 |  7.1

Action                   |  1- 3 |  4- 6 |  7- 9 | 10-12 || total
-------------------------+-------+-------+-------+-------++-------
Melee: Unarmed           |    57 |    97 |   237 |   466 ||   857
       Constrict         |    16 |    32 |    69 |    90 ||   207
       Tentacles         |     9 |    24 |    62 |   130 ||   225
       Punch             |       |     4 |    24 |    68 ||    96
Invok: Berserk           |     2 |     2 |    16 |    22 ||    42
       Trog's Hand       |       |     1 |     4 |    11 ||    16
       Brothers in Arms  |       |       |       |     4 ||     4
  Use: Scroll            |     4 |     4 |    11 |    15 ||    34
       Potion            |       |       |     2 |     4 ||     6
 Stab: Sleeping          |     5 |    10 |    15 |    20 ||    50
       Distracted        |       |     1 |     1 |     4 ||     6
Armor: Skin              |     3 |     6 |     8 |     4 ||    21
Dodge: Dodged            |    36 |    45 |   159 |   253 ||   493
Block: Buckler           |       |       |    60 |   164 ||   224
       Reflection        |       |       |       |     7 ||     7

Table legend: (Time is in decaauts)
 A = Elapsed time spent in this place.
 B = Non-inter-level travel time spent in this place.
 C = Inter-level travel time spent in this place.
 D = Time resting spent in this place.
 E = Time spent auto-exploring this place.
 F = Levels seen in this place.
 G = Mean time per level.
                   A        B        C        D        E       F      G
               +--------+--------+--------+--------+--------+-----+--------+
         Total |  17507 |  13534 |   3973 |   5080 |   5145 |  16 | 1094.2 |
       Dungeon |  16700 |  12727 |   3973 |   4667 |   5101 |  14 | 1192.9 |
         Abyss |    552 |    552 |      0 |    412 |      0 |   1 |  552.0 |
         Sewer |    254 |    254 |      0 |      0 |     44 |   1 |  254.0 |
               +--------+--------+--------+--------+--------+-----+--------+

Top non-repeatable levels by time:
     D:7: 2018 daAuts
    D:12: 1853 daAuts
     D:8: 1833 daAuts
    D:10: 1670 daAuts
     D:6: 1656 daAuts
     D:2: 1319 daAuts
     D:9: 1234 daAuts
     D:3: 1154 daAuts
     D:1: 1054 daAuts
     D:4: 928 daAuts
    D:11: 841 daAuts
     D:5: 809 daAuts
 Abyss:1: 552 daAuts
    D:13: 277 daAuts
   Sewer: 254 daAuts
